 Dungeon Sprint DCSS version 0.26-a0-854-gdc81c2f471 (webtiles) character file.

Game seed: 11206328990194853232

7908 Conn the Thaumaturge (level 11, -3/63 HPs)
             Began as an Octopode Fire Elementalist on Nov 23, 2020.
             Was a High Priest of Sif Muna.
             Killed from afar by a storm dragon (48 damage)
             ... with a bolt of lightning
             ... in the Dungeon (Sprint II: "The Violet Keep of Menkaure").
             The game lasted 00:44:49 (2677 turns).

Conn the Thaumaturge (Octopode Fire Elementalist)   Turns: 2677, Time: 00:45:04

Health: -3/63      AC:  1    Str:  8    XL:     11   Next: 22%
Magic:  27/37      EV: 16    Int: 21    God:    Sif Muna [*****.]
Gold:   182        SH:  0    Dex: 12    Spells: 5/37 levels left

rFire    + . .     SeeInvis .   f - +0 short sword
rCold    x . .     Faith    .   (no shield)
rNeg     . . .     Spirit   .   (helmet restricted)
rPois    .         Reflect  .   (no amulet)
rElec    .         Harm     .   d - ring of magical power
rCorr    .         Rampage  .   l - ring of fire
MR       .....     NoTele   +   (no ring)
Stlth    +++++.....             (no ring)
HPRegen  0.20/turn              (no ring)
MPRegen  0.25/turn              (no ring)
                                (no ring)
                                (no ring)

@: no status effects
A: almost no armour, stealthy swim, amphibious, 8 rings, constrict 8, camouflage
1, gelatinous body 1
a: Channel Magic, Forget Spell, Divine Exegesis, Renounce Religion


You were in the Dungeon.
You worshipped Sif Muna.
Sif Muna was extremely pleased with you.
You visited 1 branch You collected 1388 gold pieces.
You spent 1206 gold pieces at shops.

Inventory:

Hand Weapons
 f - a +0 short sword (weapon)
Missiles
 r - 6 javelins (quivered)
Armour
 q - a +0 buckler
Jewellery
 d - a ring of magical power (left tentacle)
 l - a ring of fire (right tentacle)
Wands
 a - a wand of acid (5)
Scrolls
 b - 2 scrolls of identify
 g - 3 scrolls of blinking
 i - 3 scrolls of remove curse
 n - a scroll of enchant armour
Potions
 c - 2 potions of heal wounds
 e - 4 potions of magic
 h - 2 potions of berserk rage
 j - 3 potions of resistance
 k - a potion of ambrosia
 m - 4 potions of flight
 o - a potion of invisibility


   Skills:
 + Level 1.5 Fighting
 + Level 6.7 Dodging
 - Level 7.4 Stealth
 * Level 13.7 Spellcasting
 * Level 12.2 Conjurations
 + Level 3.1 Summonings
 - Level 5.1 Translocations
 + Level 12.9 Fire Magic
 - Level 5.0 Air Magic
 + Level 4.2 Poison Magic
 * Level 7.0 Invocations


You had 5 spell levels left.
You knew the following spells:

 Your Spells              Type           Power        Failure   Level
a - Foxfire               Conj/Fire      ####         1%          1
b - Conjure Flame         Conj/Fire      #######.     1%          3
c - Inner Flame           Hex/Fire       ######..     1%          3
d - Sticky Flame          Conj/Fire      #######.     1%          4
e - Fireball              Conj/Fire      #######...   1%          5
f - Mephitic Cloud        Conj/Pois/Air  #####...     1%          3
g - Blink                 Tloc           N/A          1%          2
h - Call Imp              Summ           ####....     1%          2
i - Stone Arrow           Conj/Erth      #####.       1%          3
j - Starburst             Conj/Fire      #######...   3%          6

Your spell library contained the following spells:

 Spells                   Type           Power        Failure   Level
 Magic Dart               Conj           ####         1%          1
 Corpse Rot               Necr/Air       N/A          2%          2
 Slow                     Hex            ##......     7%          2
 Summon Forest            Summ/Tloc      ####......   22%         5
 Borgnjor's Vile Clutch   Necr/Erth      ##........   77%         5
 Freezing Cloud           Conj/Ice/Air   #####.....   54%         6
 Eringya's Noxious Bog    Tmut/Pois      ###.......   96%         6
 Hydra Form               Tmut           ##........   100%        6
 Summon Hydra             Summ           ####......   100%        7
 Chain Lightning          Conj/Air       ######....   100%        8


Dungeon Overview and Level Annotations

Branches:
Dungeon (1/1)

Altars:
Cheibriados
Dithmenos
Elyvilon
Fedhas
Gozag
Hepliaklqana
Kikubaaqudgha
Makhleb
Nemelex Xobeh
Okawaru
Qazlal
Ru
Sif Muna
Trog
Uskayaw
Vehumet
Wu Jian
Xom
Yredelemnul
Zin
The Shining One
Beogh
Jiyva
Lugonu

Shops:
D ?=:!*}[:!=!=}([

Annotations:
D exclusions: obsidian statue and oklob plant


Innate Abilities, Weirdness & Mutations

You cannot wear most types of armour.
You are very stealthy in the water. (Stealth+)
You are amphibious.
You can wear up to eight rings at the same time.
You can use your tentacles to constrict eight enemies at once.
Your skin changes colour to match your surroundings (Stealth+).
Your rubbery body absorbs attacks. (AC +1, EV +1)


Message History

There is an open door here.
Casting: Mephitic Cloud (safe; 1% risk of failure)
Confirm with . or Enter, or press ? or * to list all spells.
Aiming: Fireball (dangerous; 1% risk of failure)
Press: ? - help, Shift-Dir - straight line, f/p - storm dragon
Aim: a storm dragon (noxious fumes, lightly wounded, confused, 3% to evade)
You feel a surge of power!
The fireball explodes!
The fireball engulfs the storm dragon!!
The storm dragon is moderately wounded.
The storm dragon is engulfed in noxious fumes.
Casting: Fireball (dangerous; 1% risk of failure)
Confirm with . or Enter, or press ? or * to list all spells.
Press: ? - help, Shift-Dir - straight line, p - storm dragon The ball explodes into a vile cloud!
The stinking cloud engulfs the storm dragon but does no damage.
The storm dragon is moderately wounded.
The storm dragon breathes lightning at you.
The bolt of lightning hits you!!!
Ouch! That really hurt!
You die...

###### +.'!.# #.# #+##
####D#### #..+ ##§@§§§≈≈##
#..###§§§§≈☼≈§≈##
####..+†≈§§§§≈≈≈§§#
#...####§§§≈§≈≈§§##
#..)..≈##§§§§≈≈≈##
############≈)#§§§#+++##
###########≈)≈§§§§§....#
##.......∩#≈≈≈(.##+##..#
##∩.....∩.#≈≈(≈##...##.####
+^##


You could see a storm dragon (catching breath).

Vanquished Creatures
  Kirke (D)
  A yaktaur captain (D)
  A centaur warrior (D)
  A skeletal warrior (D)
  2 death drakes (D)
  An elephant (D)
  A yaktaur (D)
  A kobold demonologist (D)
  4 polar bears (D)
  A hornet (D)
  2 wyverns (D)
  A vampire mosquito (D)
  4 neqoxecs (D)
  Menkaure (D)
  A water moccasin (D)
  A swamp drake (D)
  4 necrophages (D)
  9 electric eels (D)
  4 worker ants (D)
  3 tentacles (D)
44 creatures vanquished.

Vanquished Creatures (others)
  94 foxfires (D)
  20 tentacles (D)
114 creatures vanquished.

Grand Total: 158 creatures vanquished

Notes
Turn   | Place    | Note
-------+----------+-------------------------------------------
     0 | D        | Conn the Octopode Fire Elementalist began the quest for the
                  | Orb.
     0 | D        | Reached XP level 1. HP: 11/11 MP: 3/3
     1 | D        | Noticed a necrophage
     1 | D        | Noticed a necrophage
     1 | D        | Noticed a necrophage
     1 | D        | Noticed a necrophage
     6 | D        | Killed a necrophage
     7 | D        | Reached skill level 4 in Spellcasting
     7 | D        | Reached XP level 2. HP: 17/17 MP: 3/7
     7 | D        | Reached XP level 3. HP: 21/21 MP: 3/9
     7 | D        | Reached XP level 4. HP: 27/27 MP: 3/10
     9 | D        | Killed a necrophage
    10 | D        | Reached skill level 5 in Spellcasting
    10 | D        | Reached XP level 5. HP: 31/31 MP: 3/13
    18 | D        | Killed a necrophage
    19 | D        | Reached skill level 5 in Stealth
    19 | D        | Reached skill level 6 in Spellcasting
    19 | D        | Reached XP level 6. HP: 31/35 MP: 3/15
    25 | D        | Killed a necrophage
    26 | D        | Reached skill level 5 in Conjurations
    40 | D        | Found Tadwumon's Distillery.
    40 | D        | Found Xufaullo's Distillery.
    40 | D        | Found Siengozok's Gadget Emporium.
    40 | D        | Found Nuasmif's Jewellery Shoppe.
    41 | D        | Found Vubeuff's Book Shoppe.
    41 | D        | Found Ytrud's Antique Armour Emporium.
    41 | D        | Found Fecuxuth's Jewellery Shoppe.
    41 | D        | Found Leosk's Antique Weapon Shoppe.
    42 | D        | Found Tyvemim's Antique Armour Shoppe.
    42 | D        | Found Kovvuox's Gadget Emporium.
    44 | D        | Found Cuont's Assorted Antiques.
    44 | D        | Found Daehyll's Distillery.
    44 | D        | Noticed Menkaure
    44 | D        | Noticed a death yak
    44 | D        | Noticed an oklob plant
    57 | D        | Killed Menkaure
    58 | D        | Reached skill level 7 in Spellcasting
    58 | D        | Reached XP level 7. HP: 20/39 MP: 0/17
    60 | D        | Found Ivaimup's Jewellery Shoppe.
    60 | D        | Found Dyatidoss's Book Shoppe.
    60 | D        | Found Qyucaxun's Magic Scroll Emporium.
    60 | D        | Noticed a yak
    62 | D        | Noticed a yak
    64 | D        | Noticed a yak
    67 | D        | Noticed a shining eye
    73 | D        | Noticed a shining eye
    89 | D        | Bought a wand of acid (5) for 180 gold pieces
    94 | D        | Learned a level 3 spell: Conjure Flame
    98 | D        | Learned a level 3 spell: Inner Flame
   103 | D        | Learned a level 4 spell: Sticky Flame
   109 | D        | Learned a level 5 spell: Fireball
   120 | D        | Noticed a vampire mosquito
   129 | D        | Killed a vampire mosquito
   130 | D        | Reached skill level 5 in Dodging
   130 | D        | Reached skill level 8 in Spellcasting
   130 | D        | Reached skill level 10 in Fire Magic
   135 | D        | Noticed a flying skull
   135 | D        | Noticed a flying skull
   136 | D        | Noticed a flying skull
   136 | D        | Noticed a flying skull
   136 | D        | Noticed a flying skull
   137 | D        | Noticed a flying skull
   140 | D        | Noticed a flying skull
   140 | D        | Noticed a flying skull
   140 | D        | Noticed a flying skull
   140 | D        | Noticed a flying skull
   140 | D        | Noticed a flying skull
   145 | D        | Noticed a flying skull
   164 | D        | Found a roughly hewn altar of Beogh.
   165 | D        | Found a snail-covered altar of Cheibriados.
   165 | D        | Found a hazy altar of Hepliaklqana.
   166 | D        | Found a shadowy altar of Dithmenos.
   166 | D        | Found a viscous altar of Jiyva.
   167 | D        | Found a white marble altar of Elyvilon.
   167 | D        | Found an ancient bone altar of Kikubaaqudgha.
   168 | D        | Found a blossoming altar of Fedhas.
   168 | D        | Found a corrupted altar of Lugonu.
   168 | D        | Found a shimmering blue altar of Sif Muna.
   168 | D        | Found a sacrificial altar of Ru.
   169 | D        | Found an opulent altar of Gozag.
   169 | D        | Found a burning altar of Makhleb.
   169 | D        | Found a bloodstained altar of Trog.
   170 | D        | Found a sparkling altar of Nemelex Xobeh.
   170 | D        | Found a hide-covered altar of Uskayaw.
   171 | D        | Found a basalt altar of Yredelemnul.
   172 | D        | Found an iron altar of Okawaru.
   172 | D        | Found a radiant altar of Vehumet.
   172 | D        | Found a glowing silver altar of Zin.
   172 | D        | Found a shimmering altar of Xom.
   173 | D        | Found a stormy altar of Qazlal.
   173 | D        | Found an ornate altar of the Wu Jian Council.
   173 | D        | Found a glowing golden altar of the Shining One.
   182 | D        | Became a worshipper of Sif Muna the Loreminder
   197 | D        | Noticed a wyvern
   198 | D        | Noticed a wyvern
   209 | D        | Killed a wyvern
   217 | D        | Killed a wyvern
   218 | D        | Reached XP level 8. HP: 37/44 MP: 3/20
   257 | D        | Reached * piety under Sif Muna
   264 | D        | Reached skill level 9 in Spellcasting
   284 | D        | Reached ** piety under Sif Muna
   306 | D        | Bought a book of Minor Magic for 280 gold pieces
   310 | D        | Learned a level 3 spell: Mephitic Cloud
   313 | D        | Learned a level 2 spell: Blink
   316 | D        | Learned a level 2 spell: Call Imp
   321 | D        | Bought an uncursed ring of magical power for 260 gold
                  | pieces
   358 | D        | Reached skill level 1 in Translocations
   358 | D        | Reached skill level 1 in Air Magic
   368 | D        | Reached *** piety under Sif Muna
   369 | D        | Reached skill level 10 in Spellcasting
   399 | D        | Bought a potion of heal wounds for 55 gold pieces
   402 | D        | Bought a potion of lignification for 36 gold pieces
   403 | D        | Bought a scroll of blinking for 90 gold pieces
   409 | D        | Bought a potion of berserk rage for 55 gold pieces
   437 | D        | Noticed a hornet
   437 | D        | Noticed a polar bear
   438 | D        | Noticed a polar bear
   439 | D        | Noticed a polar bear
   452 | D        | Killed a polar bear
   452 | D        | Killed a polar bear
   453 | D        | Reached XP level 9. HP: 50/50 MP: 3/23
   456 | D        | Killed a polar bear
   459 | D        | Noticed a yaktaur
   464 | D        | Killed a yaktaur
   464 | D        | Reached **** piety under Sif Muna
   465 | D        | Reached skill level 1 in Invocations
   468 | D        | Noticed an obsidian statue
   501 | D        | Paralysed by a hornet for 2 turns
   503 | D        | Noticed a death drake
   515 | D        | Killed a hornet
   516 | D        | Reached skill level 11 in Spellcasting
   516 | D        | Reached skill level 1 in Summonings
   516 | D        | Killed a death drake
   517 | D        | Reached skill level 1 in Poison Magic
   768 | D        | Noticed a kraken
  1532 | D        | Noticed a death drake
  1543 | D        | Killed a death drake
  1544 | D        | Reached skill level 5 in Translocations
  1544 | D        | Reached XP level 10. HP: 31/56 MP: 10/25
  2291 | D        | Bought an uncursed ring of fire for 250 gold pieces
  2305 | D        | Noticed Kirke
  2305 | D        | Noticed a yaktaur captain
  2306 | D        | Noticed a skeletal warrior
  2316 | D        | Killed a yaktaur captain
  2317 | D        | Reached skill level 1 in Fighting
  2317 | D        | Reached skill level 12 in Spellcasting
  2317 | D        | Reached skill level 10 in Conjurations
  2317 | D        | Reached skill level 5 in Air Magic
  2319 | D        | Killed Kirke
  2320 | D        | Reached skill level 5 in Invocations
  2326 | D        | Noticed an elephant
  2335 | D        | Noticed a centaur warrior
  2338 | D        | Killed a skeletal warrior
  2339 | D        | Reached skill level 13 in Spellcasting
  2339 | D        | Killed an elephant
  2339 | D        | Reached ***** piety under Sif Muna
  2339 | D        | Received a gift from Sif Muna
  2339 | D        | Killed a centaur warrior
  2340 | D        | Reached XP level 11. HP: 54/63 MP: 2/28
  2345 | D        | Learned a level 3 spell: Stone Arrow
  2371 | D        | Noticed a shining eye
  2544 | D        | Identified Sif Muna's Disquisition on Lethal Attacks (Sif
                  | Muna gifted it to you in the Dungeon)
  2544 | D        | Received a gift from Sif Muna
  2554 | D        | Learned a level 6 spell: Starburst
  2671 | D        | Noticed a storm dragon
  2677 | D        | Killed from afar by a storm dragon

Illustrated notes

Levels and vault maps discovered:
D:        the_violet_keep_of_menkaure [sprint2_stairs_cluster_1,
          sprint2_shoproom, sprint2_temple, sprint2_basic_supplies,
          sprint2_obstacle_1, sprint2_obstacle_3, sprint2_obstacle_7,
          sprint2_obstacle_2, sprint2_obstacle_6, sprint2_timed_cluster_1,
          sprint2_smallroom_cluster_1, sprint2_smallroom_final_cluster_1,
          sprint2_transparent_cluster_1, sprint2_second_timed_cluster_1,
          sprint2_sniper_area_1, sprint2_heavy_combat_area_1,
          sprint2_mutation_trap_area_1, sprint2_forest_area_1,
          sprint2_light_combat_area_1, sprint2_behind_water_1,
          sprint2_near_end_vault_1]

Skill      XL: |  1  2  3  4  5  6  7  8  9 10 11 |
---------------+----------------------------------+-----
Dodging        | 3 4 5 6 |  6.7
Stealth        | 4 5 6 7 |  7.4
Spellcasting   | 4 5 6 7 8 10 11 13 | 13.7
Conjurations   | 3 4 6 7 8 9 11 12 | 12.2
Fire Magic     | 6 7 8 9 11 12 | 12.9
Translocations | 3 5 |  5.1
Air Magic      | 3 4 5 |  5.0
Invocations    | 3 6 7 |  7.0
Summonings     | 3 |  3.1
Poison Magic   | 1 4 |  4.2
Fighting       | 1 |  1.5

Action                   |  1- 3 |  4- 6 |  7- 9 | 10-12 || total
-------------------------+-------+-------+-------+-------++-------
Melee: Unarmed           |     3 |     8 |     4 |       ||    15
       Tentacles         |     2 |     1 |     1 |       ||     4
       Constrict         |     1 |     2 |       |       ||     3
       Short sword       |       |       |     3 |     2 ||     5
 Cast: Foxfire           |       |     8 |    34 |    13 ||    55
       Fireball          |       |       |    38 |    20 ||    58
       Sticky Flame      |       |       |     9 |       ||     9
       Conjure Flame     |       |       |     3 |       ||     3
       Mephitic Cloud    |       |       |    16 |    14 ||    30
       Inner Flame       |       |       |     1 |       ||     1
       Blink             |       |       |     1 |     2 ||     3
Invok: Channel Magic     |       |       |     3 |     1 ||     4
  Use: Potion            |     2 |       |     7 |     3 ||    12
       Scroll            |       |       |     6 |     2 ||     8
 Stab: Sleeping          |       |       |     1 |       ||     1
Armor: Skin              |       |     1 |    18 |     1 ||    20
Dodge: Dodged            |     2 |     7 |    17 |     5 ||    31

Table legend: (Time is in decaauts)
 A = Elapsed time spent in this place.
 B = Non-inter-level travel time spent in this place.
 C = Inter-level travel time spent in this place.
 D = Time resting spent in this place.
 E = Time spent auto-exploring this place.
 F = Levels seen in this place.
 G = Mean time per level.
                   A        B        C        D        E       F      G
               +--------+--------+--------+--------+--------+-----+--------+
         Total |   2660 |   2660 |      0 |   1587 |      0 |   1 | 2660.0 |
       Dungeon |   2660 |   2660 |      0 |   1587 |      0 |   1 | 2660.0 |
               +--------+--------+--------+--------+--------+-----+--------+

Top non-repeatable levels by time:
       D: 2660 daAuts
